 Dungeon Crawl Stone Soup version 0.30-a0-578-gdee14c521f (webtiles) character file.

Game seed: 18177230195619109001

2 wormed the Shooter (level 1, 0/10 HPs)
             Began as a Spriggan Hunter on Dec 31, 2022.
             Succumbed to a goblin's poison
             ... on level 1 of the Dungeon.
             The game lasted 00:00:48 (88 turns).

wormed the Shooter (Spriggan Hunter)                  Turns: 88, Time: 00:00:48

Health: 0/10       AC:  2    Str:  7    XL:     1   Next: 25%
Magic:  2/2        EV: 17    Int: 10    God:
Gold:   4          SH:  0    Dex: 18    Spells: 0/0 levels left

rFire   . . .      SeeInvis +    a - +0 shortbow
rCold   . . .      Faith    .    (shield currently unavailable)
rNeg    . . .      Spirit   .    c - +0 robe
rPois   .          Reflect  .    (helmet restricted)
rElec   .          Harm     .    (no cloak)
rCorr   .          Rampage  .    (gloves unavailable)
Will    .....                    (boots unavailable)
Stlth   ++                       (no amulet)
HPRegen 0.21/turn                (no ring)
MPRegen 0.08/turn                (no ring)

@: lethally poisoned (0 -> -5), very quick
A: very small, no large weapons, unfitting armour, see invisible, speed 3
a: no special abilities


You were on level 1 of the Dungeon.
You visited 1 branch of the dungeon, and saw 1 of its levels.

You collected 4 gold pieces.

Inventory:

Hand Weapons
 a - a +0 shortbow (weapon)
Armour
 c - a +0 robe (worn)
Jewellery
 e - a ring of protection from cold


   Skills:
 + Level 1.6 Fighting
 * Level 4.0 Ranged Weapons
 + Level 2.7 Dodging
 + Level 1.6 Stealth


You couldn't memorise any spells.
You didn't know any spells.
Your spell library was empty.

Dungeon Overview and Level Annotations

Branches:
Dungeon (1/15)

Altars:


Innate Abilities, Weirdness & Mutations

You are very small and have problems with some larger weapons.
You are too small for most types of armour.
You have supernaturally acute eyesight. (SInv)
You cover ground extremely quickly. (Speed+++)


Message History

You open the door.
There is an open door here.
You open the door.
There is an open door here.
You open the door.
There is an open door here.
Found a mace.
e - a ring of protection from cold You now have 4 gold pieces.
A goblin and a rat come into view.
The goblin is wielding a +1 dagger of venom.
Found 10 gold pieces.
The goblin shouts!
You hear an angry hiss.
You shoot an arrow. The arrow hits the rat.
The rat is moderately wounded.
The rat misses you.
You shoot an arrow. The arrow barely misses the goblin.
The arrow hits the rat!
You kill the rat!
You shoot an arrow.
The arrow hits the goblin but does no damage.
The goblin hits you with a +1 dagger of venom.
You are lethally poisoned!
You shoot an arrow. The arrow hits the goblin!
You kill the goblin!
You feel very sick.
You are too injured to fight recklessly!
* * * LOW HITPOINT WARNING * * *
You feel sick.
Things that are here:
a +1 dagger of venom; a goblin corpse
There is a lethal amount of poison in your body!
As you read the scroll labelled UKKEYBL QAOCAN, it crumbles to dust.
You hear a loud clanging noise!
It was a scroll of noise.
* * * LOW HITPOINT WARNING * * *
You feel sick.
You hear an angry hiss.
As you read the scroll of immolation, it crumbles to dust.
The air around you briefly surges with heat, but it dissipates.
You die...

#.# #.# #.# #.### ###
#.#.# ..####
♣#######.#.# $....
.........#.########..#
.........#......@..†.#
.....###.#.########.##
......##.#........#.#
.....♣##.#.######.#.#
.....♣ #.#.### .#
....♣♣ #.....# .#
...♣♣ #.##### .# .♣♣♣
### .# ♣♣


There were no monsters in sight!

Vanquished Creatures
  A goblin (D:1)
  A rat (D:1)
2 creatures vanquished.

Notes
Turn   | Place    | Note
-------+----------+-------------------------------------------
     0 | D:1      | wormed the Spriggan Hunter began the quest for the Orb.
     0 | D:1      | Reached XP level 1. HP: 10/10 MP: 2/2
    88 | D:1      | Succumbed to a goblin's poison

Illustrated notes

Levels and vault maps discovered:
D:1:      sevenhm_arrival_forest_fort_large_4, layout_basic,
          shapermc_ecumenical_altar_flowoftime

Action                   || total
-------------------------++-------
 Fire: Shortbow          ||     4
  Use: Scroll            ||     2
Dodge: Dodged            ||     1

Table legend: (Time is in decaauts)
 A = Elapsed time spent in this place.
 B = Non-inter-level travel time spent in this place.
 C = Inter-level travel time spent in this place.
 D = Time resting spent in this place.
 E = Time spent auto-exploring this place.
 F = Levels seen in this place.
 G = Mean time per level.
                   A        B        C        D        E       F      G
               +--------+--------+--------+--------+--------+-----+--------+
         Total |     59 |     59 |      0 |      0 |     47 |   1 |   59.0 |
       Dungeon |     59 |     59 |      0 |      0 |     47 |   1 |   59.0 |
               +--------+--------+--------+--------+--------+-----+--------+

Top non-repeatable levels by time:
     D:1: 59 daAuts
